Map: Prion Terraces

Players

Miszu

  • Race: Terran Terran
  • League: Master

SatO - Winner!

  • Race: Protoss Protoss
  • League: Master

VOD

Have the link to the VOD?

Description

Time

  • Played on: March 12, 2016, 5:17 p.m.
  • Length: 3:32
Show
View Real Time Build Order
Export as new Build Order

Miszu Terran 

Build Orders:  

Get SALT Encoding   

  12  0:01  SCV  
  13  0:13  SCV  
  14  0:18  Supply Depot  
  14  0:25  SCV  
  15  0:40  SCV  
  15  0:42  Barracks  
  16  0:52  SCV  
  17  1:04  SCV  
  18  1:13  Command Center  
  18  1:29  Marine, Orbital Command  
  19  1:42  Barracks  
  19  1:51  Marine  
  19  1:52  Supply Depot  
  20  1:54  SCV  
  21  2:02  Barracks  
  21  2:06  SCV  
  22  2:09  Marine  
  23  2:19  SCV  
  24  2:25  Orbital Command  
  24  2:28  Marine  
  24  2:29  Marine  
  26  2:31  SCV  
  26  2:34  Refinery  
  26  2:37  Refinery  
  27  2:43  SCV  
  28  2:45  Marine  
  28  2:47  Marine  
  28  2:50  Marine  
  31  2:53  SCV  
  31  2:55  SCV  
  32  3:05  SCV  
  32  3:07  SCV  
  30  3:26  Barracks Tech Lab  
Show
View Real Time Build Order
Export as new Build Order

SatO Protoss - Winner!

Build Orders:  

Get SALT Encoding   

  12  0:01  Probe (Chrono Boost)  
  13  0:12  Probe (Chrono Boost)  
  14  0:18  Pylon  
  14  0:22  Probe (Chrono Boost)  
  15  0:36  Gateway, Probe (Chrono Boost)  
  16  0:46  Probe (Chrono Boost)  
  16  0:47  Assimilator  
  17  0:53  Assimilator  
  18  0:57  Probe (Chrono Boost)  
  18  1:06  Pylon  
  18  1:07  Probe (Chrono Boost)  
  19  1:18  Probe (Chrono Boost)  
  20  1:23  Cybernetics Core  
  22  1:25  Zealot (Chrono Boost)  
  22  1:29  Probe  
  23  1:41  Probe (Chrono Boost)  
  24  2:00  Stalker (Chrono Boost), Mothership Core (Chrono Boost)  
  28  2:12  Twilight Council  
  28  2:16  Pylon  
  28  2:18  Probe (Chrono Boost)  
  29  2:29  Stalker (Chrono Boost)  
  31  2:41  Gateway  
  31  3:00  Pylon  
  29  3:24  Gateway  
  29  3:26  Gateway  
Tags
 
Add a new tag
Caveats
  • Supply blocks, unpowered buildings, or Contaminate may cause inaccurate times.
  • Supply counts are checked every 10 seconds.